Map: Thunderbird LE

Players

BattleLord - Winner!

  • Race: Terran Terran
  • League: Diamond
  • Spawn Location: 11:00

pHARM

  • Race: Zerg Zerg
  • League: Platinum
  • Spawn Location: 5:00

VOD

Have the link to the VOD?

Description

Time

  • Played on: Aug. 26, 2019, 4:27 p.m.
  • Length: 8:37
Show
View Real Time Build Order
Export as new Build Order

BattleLord Terran - Winner!

Build Orders: 1/1/1 

Get SALT Encoding   

  12  0:01  SCV  
  13  0:13  SCV  
  14  0:24  Supply Depot  
  14  0:25  SCV  
  15  0:29  Refinery  
  15  0:47  Barracks  
  15  0:53  Refinery  
  15  0:54  SCV  
  16  1:06  SCV  
  17  1:18  SCV  
  17  1:21  Supply Depot  
  18  1:36  Factory  
  18  1:42  Orbital Command  
  18  1:47  Barracks Tech Lab  
  18  2:05  Marine  
  19  2:09  SCV  
  20  2:20  Starport  
  20  2:38  Marine  
  20  2:41  Siege Tank  
  24  3:02  SCV, Fusion Core, Starport Tech Lab  
  25  3:39  SCV  
  26  3:44  Marine  
  27  3:51  SCV  
  28  3:57  Supply Depot  
  28  4:05  SCV  
  28  4:06  Supply Depot  
  29  4:10  Supply Depot, Weapon Refit  
  29  4:11  Supply Depot  
  29  4:18  Barracks Reactor  
  29  4:19  Battlecruiser  
  35  4:33  SCV  
  35  4:34  Engineering Bay  
  36  4:45  SCV  
  37  4:57  SCV  
  37  4:59  Command Center  
  38  5:10  SCV  
  39  5:18  Missile Turret  
  39  5:22  SCV  
  39  5:23  Battlecruiser  
  46  5:57  SCV  
  46  6:02  Marine x2  
  46  6:03  Supply Depot  
  49  6:05  Refinery  
  49  6:06  Refinery  
  49  6:27  Battlecruiser  
  55  7:12  Orbital Command  
  55  7:32  Battlecruiser  
  61  7:43  Siege Tank  
  58  8:18  Supply Depot  
  58  8:19  Supply Depot  
  58  8:20  Factory Tech Lab, Barracks Reactor  
Show
View Real Time Build Order
Export as new Build Order

pHARM Zerg 

Build Orders: Hatch First 

Get SALT Encoding   

  12  0:02  Drone  
  13  0:16  Overlord  
  13  0:23  Drone  
  14  0:34  Drone x2  
  16  0:53  Drone x2  
  18  1:06  Hatchery  
  17  1:14  Drone  
  17  1:17  Spawning Pool  
  17  1:19  Drone  
  18  1:27  Drone  
  19  1:41  Drone  
  20  1:50  Extractor, Drone  
  20  1:52  Overlord  
  20  2:10  Overlord  
  20  2:16  Queen  
  20  2:18  Zergling x2, Queen  
  20  2:20  Zergling x2  
  26  2:35  Drone x2  
  28  2:43  Drone x2  
  30  2:49  Overlord  
  30  3:08  Hatchery, Drone x4  
  33  3:15  Drone  
  33  3:19  Queen  
  36  3:22  Overlord  
  36  3:26  Lair  
  36  3:33  Drone x3  
  39  3:38  Drone  
  39  3:39  Drone x3  
  43  3:54  Extractor  
  43  3:55  Extractor  
  41  3:58  Evolution Chamber  
  41  4:01  Roach Warren  
  39  4:04  Evolution Chamber, Drone x5  
  43  4:16  Drone x4  
  47  4:24  Zerg Missile Weapons Level 1  
  47  4:31  Drone x3  
  50  4:41  Glial Reconstitution  
  50  4:58  Overlord, Roach x4  
  50  4:59  Overlord x5  
  58  5:09  Zerg Ground Armor Level 1  
  58  5:20  Pneumatized Carapace  
  58  5:35  Spore Crawler  
  54  5:45  Spore Crawler  
  54  5:46  Queen x2  
  54  5:47  Spore Crawler  
  56  5:55  Spore Crawler  
  55  6:02  Queen  
  57  6:06  Spore Crawler  
  57  6:12  Spore Crawler  
  56  6:22  Queen  
  60  6:38  Queen  
  58  6:46  Roach x10  
  58  6:47  Roach x4  
  84  6:56  Spore Crawler  
  84  6:57  Spore Crawler  
  77  7:13  Spore Crawler  
  77  7:14  Queen  
  78  7:20  Spore Crawler  
  75  7:28  Roach  
  75  7:29  Roach x2  
  48  8:06  Hatchery  
Tags
 
Add a new tag
Caveats
  • Supply blocks, unpowered buildings, or Contaminate may cause inaccurate times.
  • Supply counts are checked every 10 seconds.